 Dungeon Crawl Stone Soup version 0.31-a0-1626-g5cb510d322 (webtiles) character file.

Game seed: 8537546487851168799

80815 Implojin the Severer (level 15, -5/136 HPs)
             Began as a Hill Orc Chaos Knight on Jan 12, 2024.
             Was the Champion of Okawaru.
             Slain by an eight-headed hydra (13 damage)
             ... on level 15 of the Dungeon.
             The game lasted 00:47:12 (19251 turns).

Implojin the Severer (Hill Orc Chaos Knight)       Turns: 19251, Time: 00:47:13

Health: -5/136     AC:  0    Str: 22    XL:     15   Next: 68%
Magic:  24/24      EV: 13    Int: 11    God:    Okawaru [******]
Gold:   1008       SH:  0    Dex: 14    Spells: 14/14 levels left

rFire   . . .        h - melded +9 broad axe "Makkos" {protect, rF+ rC+ Int+2}
rCold   . . .        Q - melded +0 kite shield
rNeg    . . .        K - melded +3 crystal plate armour of Vophosk {^Drain +Blink rN+ Regen+}
rPois   .            n - melded +2 helmet
rElec   .            m - melded +0 cloak
rCorr   .            t - melded +2 pair of gloves
SInv    .            L - melded +2 pair of boots
Will    ++...        w - amulet of regeneration
Stlth   +++          Z - melded ring of Ownopn {rN++ rCorr AC+4 Int-2 SInv}
HPRegen 1.22/turn    X - melded +5 ring of evasion
MPRegen 0.19/turn

%: no passive effects
@: about to teleport, pig-form, very quick
A: fast, no casting, small, (iridescent scales 1), agile 1, strong-willed 1,
MP-powered wands, (sturdy frame 1)
a: Renounce Religion, Heroism, Finesse, Duel


You were on level 15 of the Dungeon.
You worshipped Okawaru.
Okawaru was exalted by your worship.
You were a filthy swine.
You visited 3 branches of the dungeon, and saw 21 of its levels.
You also visited: Bailey.

You collected 1472 gold pieces.
You spent 464 gold pieces at shops.

Inventory:

Hand Weapons
 a - a +5 broad axe of protection
 b - a +4 flail
 h - the +9 broad axe "Makkos" (melded) {protect, rF+ rC+ Int+2}
   (Okawaru gifted it to you on level 14 of the Dungeon)

   Int+2:     It affects your intelligence (+2).
   rF+:       It protects you from fire.
   rC+:       It protects you from cold.
Missiles
 f - 13 javelins
 o - 9 boomerangs
 v - 2 atropa-tipped darts
 A - 11 silver javelins
 D - 43 poisoned darts
 P - 4 curare-tipped darts (quivered)
Armour
 m - a +0 cloak (melded)
 n - a +2 helmet (melded)
 s - a +0 chain mail of willpower
 t - a +2 pair of gloves (melded)
 u - the +0 pair of gloves of the Blushing Gods {Harm}
   (You found it on level 15 of the Dungeon)

   Harm:      It increases damage dealt and taken.
 K - the +3 crystal plate armour of Vophosk (melded) {^Drain +Blink rN+ Regen+}
   (Okawaru gifted it to you on level 14 of the Dungeon)

   rN+:       It protects you from negative energy.
   +Blink:    It lets you blink.
   Regen+:    It increases your rate of health regeneration.
   ^Drain:    It drains your maximum health when unequipped.
 L - a +2 pair of boots (melded)
 Q - a +0 kite shield (melded)
Jewellery
 e - a ring of poison resistance
 w - an amulet of regeneration (around neck)
 S - a ring of fire
 X - a +5 ring of evasion (melded)
 Y - a ring of protection from cold
 Z - the ring of Ownopn (melded) {rN++ rCorr AC+4 Int-2 SInv}
   (You found it on level 14 of the Dungeon)

   [ring of protection]

   AC+4:      It affects your AC (+4).
   Int-2:     It affects your intelligence (-2).
   rN++:      It greatly protects you from negative energy.
   SInv:      It lets you see invisible.
   rCorr:     It protects you from acid and corrosion.
Wands
 p - a wand of flame (9)
 C - a wand of roots (14)
 J - a wand of mindburst (1)
 V - a wand of digging (5)
 W - a wand of polymorph (3)
Scrolls
 d - 6 scrolls of teleportation
 g - a scroll of immolation
 k - 4 scrolls of fog
 l - 3 scrolls of fear
 y - a scroll of identify
 F - 2 scrolls of enchant armour
 N - 2 scrolls of vulnerability
 R - 2 scrolls of poison
Potions
 c - 3 potions of heal wounds
 i - 3 potions of might
 j - 2 potions of resistance
 q - a potion of lignification
 r - 6 potions of curing
 z - 2 potions of attraction
 B - 3 potions of invisibility {unknown}
 E - a potion of magic {unknown}
 G - 3 potions of mutation {unknown}
 I - 3 potions of berserk rage
 M - 4 potions of cancellation
 O - 3 potions of brilliance {unknown}
 T - 2 potions of haste {unknown}
 U - a potion of enlightenment


   Skills:
 - Level 13.2 Fighting
 - Level 18.0 Axes
 - Level 8.0 Throwing
 - Level 14.0 Armour
 - Level 0.7 Dodging
 - Level 4.0 Stealth
 * Level 7.2 Shields
 - Level 7.0 Unarmed Combat
 - Level 12.0 Invocations
 - Level 7.0 Evocations


You had 14 spell levels left.
You didn't know any spells.
Your spell library contained the following spells:

 Spells                   Type           Power      Damage    Failure   Level
 Apportation              Tloc           0%         N/A       34%         1
 Foxfire                  Conj/Fire      0%         2x1d4     34%         1
 Magic Dart               Conj           0%         1d3       34%         1
 Necrotise                Necr           0%         1d4       34%         1
 Sandblast                Erth           0%         2d4       34%         1
 Sting                    Conj/Alch      0%         1d3       34%         1
 Cigotuvi's Dreadful Rot  Necr/Alch/Air  0%         N/A       47%         2
 Searing Ray              Conj           0%         2d4       47%         2
 Passwall                 Erth           0%         N/A       71%         3
 Sigil of Binding         Hex            0%         N/A       71%         3
 Stone Arrow              Conj/Erth      0%         3d7       71%         3
 Anguish                  Hex/Necr       0%         N/A       98%         4
 Brom's Barrelling Bould  Conj/Erth      0%         2d3       98%         4
 Cause Fear               Hex            0%         N/A       98%         4
 Dimensional Bullseye     Hex/Tloc       0%         N/A       98%         4
 Dispel Undead            Necr           0%         3d6       98%         4
 Fulminant Prism          Conj/Alch      0%         3d5       98%         4
 Olgreb's Toxic Radiance  Alch           0%         N/A       98%         4
 Vhi's Electric Charge    Tloc/Air       0%         N/A       98%         4
 Arcjolt                  Conj/Air       0%         1d10      100%        5
 Plasma Beam              Fire/Air       0%         2x1d10    100%        6
 Starburst                Conj/Fire      0%         6d3       100%        6
 Enfeeble                 Hex            0%         N/A       100%        7
 Ozocubu's Refrigeration  Ice            0%         4d7       100%        7
 Discord                  Hex            0%         N/A       100%        8
 Maxwell's Capacitive Co  Air            0%         ∞         100%        8
 Summon Small Mammal      Summ           Unusable   N/A       N/A         1
 Call Canine Familiar     Summ           Unusable   N/A       N/A         3
 Martyr's Knell           Necr/Summ      Unusable   N/A       N/A         4
 Death Channel            Necr           Unusable   N/A       N/A         6

Dungeon Overview and Level Annotations

Branches:
Dungeon (15/15)            Temple (1/1) D:5            Lair (5/5) D:9
 Shoals (0/4) Lair:2        Snake (0/4) Lair:2        Slime (0/5) Lair:4
    Orc (0/2) D:10         Vaults (0/5) D:14         Bailey (visited)
 Depths: D:15

Altars:
Ashenzari
Cheibriados
Dithmenos
Elyvilon
Fedhas
Gozag
Hepliaklqana
Kikubaaqudgha
Makhleb
Nemelex Xobeh
Okawaru
Qazlal
Ru
Sif Muna
Trog
Uskayaw
Vehumet
Wu Jian
Xom
Yredelemnul
Zin
The Shining One
Jiyva

Shops:
D:4 *   D:6 *   D:7 :   D:12 [   D:14 *

Portals:
Abyss: D:7
Trove: D:12 (give +3 fire dragon scales)

Annotations:
D:7 2 transporters, soul19's ghost, novice GnIE
D:15 Kirke
Temple 2 transporters
Lair:4 1 runed translucent door


Innate Abilities, Weirdness & Mutations

You are a filthy swine.
You move quickly.
Your equipment is almost entirely melded.
You are incapable of wielding weapons or throwing items.
You cannot cast spells.
((You are partially covered in iridescent scales. (AC +2)))
You are agile. (Dex +4, Str/Int -1)
You are strong-willed. (Will+)
You expend magic power (3 MP) to strengthen your wands.
((Your movements are slightly less encumbered by armour. (ER -2)))


Message History

Kirke is heavily wounded.
You hit the hog. x3; You slice the hog!!
The hog bites you but does no damage. Kirke hits you but does no damage.
You block the hog's attack.
You slice Kirke like a ripe choko!!!
Kirke is almost dead.
You hit the hog. x2; You slash the hog! You hit the hog but do no damage.
You hit the hog. You slash the hog!
You kill the hog!
Okawaru accepts your kill. You block the hog's attack.
The hog closely misses you. You block the hog's attack. The hog misses you.
The hog bites you. Kirke casts a spell at you.
You turn into a filthy swine.
The +9 broad axe "Makkos" {protect, rF+ rC+ Int+2} melds into your body.
Your +0 cloak melds into your body.
Your +2 helmet melds into your body.
Your +2 pair of gloves melds into your body.
Your +2 pair of boots melds into your body.
Your +0 kite shield melds into your body.
The +3 crystal plate armour of Vophosk {^Drain +Blink rN+ Regen+} melds into your body.
The ring of Ownopn {rN++ rCorr AC+4 Int-2 SInv} melds into your body.
Your +5 ring of evasion melds into your body.
The +9 broad axe "Makkos" {protect, rF+ rC+ Int+2} goes still.
You bite Kirke!
Kirke is almost dead.
The hog misses you. The hog bites you. The hog bites you! x3
The hog bites you! Kirke attacks as she pursues you! Kirke hits you!
Danger: Low HP Warning |T2| Reason: 55% HP (75/136) Unknown command.
As you read the scroll of teleportation, it crumbles to dust.
You feel strangely unstable. The hog barely misses you. The hog bites you!
Kirke hits you! The hog bites you! x2
Danger: Low HP Warning |T3| Reason: 25% HP (35/136) Unknown command.
Kirke barely misses you.
Unknown command.
You feel much better. The hog barely misses you.
The eight-headed hydra bites you! x3; The eight-headed hydra bites you.
The eight-headed hydra completely misses you.
The eight-headed hydra bites you! x2
You die...

#............
#............
###.............
................
#...............
#..............
#.h...........
#D@h..........
#hhhh.........
####........#
##.......#
#.....###
##....# #....#
##....# #.....#
##.....#


You could see Kirke, an eight-headed hydra and 5 hogs.

Vanquished Creatures
  Rupert (Lair:5)
  7 vault guards
  3 catoblepae (Lair:5)
  4 hydras (Lair:5)
  An ogre mage (D:14)
  2 centaur warriors
  A boulder beetle (Lair:3)
  A two-headed ogre (D:11)
  A death knight (D:15)
  11 death yaks (Lair:5)
  2 deep elf knights (D:14)
  A skyshark (Lair:5)
  2 deep elf pyromancers
  4 cyclopes
  14 ugly things
  5 manticores
  2 oklob plants
  7 elephants
  3 meliai (D:13)
  4 gargoyles
  Joseph (D:7)
  4 black mambas
  12 cane toads
  An unseen horror (D:10)
  A torpor snail (Lair:2)
  7 komodo dragons
  Jeremiah (D:7)
  7 rime drakes (Lair:5)
  A freezing wraith (D:15)
  A kobold demonologist (D:9)
  A tengu conjurer (D:14)
  Psyche (D:11)
  The ghost of pbupsy the Covered, an amateur MiFi (D:4)
  A polar bear (shapeshifter) (D:14)
  2 polar bears
  A hornet (Lair:5)
  20 blink frogs
  9 dream sheep
  Prince Ribbit (Bailey)
  15 slime creatures
  A spriggan (Lair:5)
  3 wraiths
  A shadow (D:11)
  12 wyverns
  A vampire (D:10)
  A human (shapeshifter) (D:13)
  11 basilisks
  69 yaks
  A hog (D:15)
  5 steam dragons
  5 humans
  3 nagas (Lair:2)
  2 acid dragons
  19 water moccasins
  A hell hound (Lair:5)
  An ice beast (shapeshifter) (D:15)
  2 ice beasts
  9 orc warriors
  4 black bears
  3 sky beasts
  9 wolves
  2 centaurs
  An ogre (D:5)
  A kobold brigand (D:9)
  24 bullfrogs
  4 scorpions
  2 wights
  11 killer bees
  An electric eel (D:8)
  7 howler monkeys
  A bombardier beetle (D:7)
  3 jellies
  13 orc priests
  2 gnoll boudas
  2 hounds
  12 orc wizards
  Crazy Yiuf (D:3)
  4 iguanas
  5 hell rats (Lair:5)
  10 gnolls
  9 adders
  A shadow imp (D:6)
  A white imp (D:7)
  2 ufetubi (D:6)
  4 ribbon worms
  2 dart slugs
  44 orcs
  9 ball pythons
  5 bats
  5 endoplasms
  A giant cockroach (D:2)
  14 goblins
  9 hobgoblins
  5 jackals
  9 kobolds
  5 quokkas
  2 frilled lizards
  5 rats
  A spectral hobgoblin (D:2)
566 creatures vanquished.

Vanquished Creatures (collateral kills)
  A black bear (D:9)
  An ice beast (D:7)
2 creatures vanquished.

Grand Total: 568 creatures vanquished

Notes
Turn   | Place    | Note
-------+----------+-------------------------------------------
     0 | D:1      | Implojin the Hill Orc Chaos Knight began the quest for the
                  | Orb.
     0 | D:1      | Reached XP level 1. HP: 19/19 MP: 1/1
   172 | D:1      | Reached XP level 2. HP: 26/26 MP: 2/2
   343 | D:1      | Reached XP level 3. HP: 31/31 MP: 3/3
   371 | D:1      | XOM: 1-stop teleportation journey
   409 | D:1      | XOM: cloud trail
   457 | D:1      | XOM: god gift: 11 gold pieces
   782 | D:2      | XOM: divination: detect items
  1037 | D:2      | Reached skill level 5 in Unarmed Combat
  1094 | D:2      | Found a faded altar of an unknown god.
  1205 | D:2      | Reached XP level 4. HP: 38/38 MP: 4/4
  1471 | D:2      | XOM is BORED!
  1666 | D:3      | XOM: silly message
  1841 | D:3      | Reached XP level 5. HP: 41/45 MP: 5/5
  2167 | D:3      | XOM: silly message
  2247 | D:3      | Found a white marble altar of Elyvilon.
  2325 | D:3      | XOM: enchant monster (good)
  2352 | D:3      | Reached XP level 6. HP: 49/52 MP: 6/6
  2489 | D:3      | Found a runed translucent door.
  2490 | D:3      | Noticed Crazy Yiuf
  2500 | D:3      | XOM: silly message
  2628 | D:3      | Killed Crazy Yiuf
  2728 | D:4      | Noticed a black bear
  2736 | D:4      | Killed a black bear
  2737 | D:4      | Reached skill level 5 in Fighting
  2906 | D:4      | Found Kinoa's Assorted Antiques.
  2914 | D:4      | Bought a dented emerald amulet for 135 gold pieces
  2914 | D:4      | Bought a scroll labelled ARCHIP RYBEPE for 27 gold pieces
  2998 | D:4      | Noticed pbupsy's ghost (amateur MiFi)
  2999 | D:4      | Found a runed translucent door.
  3036 | D:4      | Found a burning altar of Makhleb.
  3294 | D:4      | Found a hazy altar of Hepliaklqana.
  3295 | D:4      | Found a shimmering altar of Xom.
  3296 | D:4      | Noticed a spectral ugly thing
  3577 | D:4      | Noticed a steam dragon
  3584 | D:4      | Killed a steam dragon
  3585 | D:4      | Reached XP level 7. HP: 66/66 MP: 7/7
  3681 | D:4      | XOM: god gift: 6 silver javelins
  3744 | D:4      | Bought a scroll labelled ECREROXAAS for 27 gold pieces
  3747 | D:5      | XOM: stealth player
  3747 | D:5      | Entered Level 5 of the Dungeon
  3747 | D:5      | XOM: fog
  3756 | D:4      | Reached skill level 1 in Stealth
  3909 | D:5      | Found a radiant altar of Vehumet.
  3927 | D:5      | Found an ancient bone altar of Kikubaaqudgha.
  3948 | D:5      | XOM: polymorph iguana -> hobgoblin
  4010 | D:5      | XOM: enchant monster (bad)
  4072 | D:5      | Found a staircase to the Ecumenical Temple.
  4073 | D:5      | XOM: noise
  4074 | D:5      | XOM: confuse monster(s)
  4089 | D:5      | XOM: potion effect (invisibility)
  4095 | D:5      | Reached XP level 8. HP: 56/73 MP: 8/8
  4102 | Temple   | Found a transporter.
  4102 | Temple   | Found a transporter.
  4102 | Temple   | Found a transporter.
  4102 | Temple   | Found a transporter.
  4102 | Temple   | Entered the Ecumenical Temple
  4353 | D:5      | Found a shimmering blue altar of Sif Muna.
  4360 | D:5      | Got Sif Muna's Commentary on the Compass
  4501 | D:5      | Found a glowing silver altar of Zin.
  4518 | D:6      | Found Ashy's General Store.
  4520 | D:6      | XOM: silly message
  4648 | D:6      | XOM: divination: detect creatures
  4776 | D:6      | Reached skill level 1 in Throwing
  4977 | D:6      | Reached skill level 1 in Axes
  4992 | D:6      | Reached skill level 3 in Axes
  5342 | D:6      | Found a blossoming altar of Fedhas.
  5385 | D:7      | XOM: cast spell 'Fugue of the Fallen'
  5387 | D:7      | Noticed Joseph
  5391 | D:7      | Reached skill level 4 in Axes
  5394 | D:7      | Noticed a wraith
  5448 | D:6      | Reached XP level 9. HP: 24/70 MP: 9/9
  5464 | D:6      | Reached skill level 5 in Axes
  5543 | D:7      | XOM: god gift: 16 gold pieces
  5563 | D:7      | XOM: divination: detect items
  5569 | D:7      | Reached skill level 6 in Axes
  5589 | D:7      | XOM: confuse monster(s)
  5610 | D:7      | Reached skill level 7 in Axes
  5627 | D:7      | XOM: silly message
  5666 | D:7      | XOM: noise
  5683 | D:7      | XOM: enchant monster (good)
  5684 | D:7      | XOM: divination: magic mapping
  5696 | D:7      | Reached skill level 8 in Axes
  5701 | D:7      | XOM: polymorph black bear -> ball python
  5707 | D:7      | XOM: potion effect (haste)
  5716 | D:7      | Noticed Jeremiah
  5744 | D:7      | Killed Jeremiah
  5745 | D:7      | Reached skill level 9 in Axes
  5850 | D:7      | Found Hupe's Self-Improvement Boutique.
  5931 | D:7      | XOM: divination: detect items
  6013 | D:6      | XOM: silly message
  6080 | D:7      | Noticed a toenail golem
  6120 | D:7      | Reached skill level 10 in Axes
  6194 | D:7      | Found a transporter.
  6202 | D:7      | XOM: silly message
  6209 | D:7      | XOM: silly message
  6258 | D:7      | Found a transporter.
  6289 | D:7      | Noticed soul19's ghost (novice GnIE)
  6290 | D:7      | Found a one-way gate to the infinite horrors of the Abyss.
  6380 | D:7      | Killed Joseph
  6381 | D:7      | Reached skill level 11 in Axes
  6438 | D:7      | Found an opulent altar of Gozag.
  6483 | D:7      | XOM: cast spell 'Summon Hydra'
  6487 | D:7      | Reached XP level 10. HP: 78/86 MP: 10/10
  6502 | D:7      | XOM: enchant monster (good)
  6508 | D:7      | Reached skill level 12 in Axes
  6577 | D:7      | XOM: confuse monster(s)
  6591 | D:7      | XOM: scenery: summon butterflies
  6748 | D:8      | XOM: confusion
  6788 | D:8      | Found a snail-covered altar of Cheibriados.
  6927 | D:8      | Noticed a cyclops
  6947 | D:8      | Killed a cyclops
  6948 | D:8      | Reached skill level 13 in Axes
  7001 | D:8      | Found a flagged portal.
  7019 | Bailey   | Entered a bailey
  7040 | Bailey   | XOM: noise
  7066 | Bailey   | Reached skill level 14 in Axes
  7108 | Bailey   | XOM: polymorph goblin -> basilisk
  7116 | Bailey   | XOM: summons friendly iron imp
  7117 | Bailey   | Reached skill level 5 in Evocations
  7134 | Bailey   | Noticed Prince Ribbit
  7139 | Bailey   | Noticed a vault guard
  7168 | Bailey   | Killed Prince Ribbit
  7195 | Bailey   | XOM: blink monster(s)
  7199 | Bailey   | XOM: 1-stop teleportation journey
  7220 | Bailey   | XOM: cast spell 'Olgreb's Toxic Radiance'
  7227 | Bailey   | Killed a vault guard
  7271 | Bailey   | XOM: cast spell 'Fugue of the Fallen'
  7280 | Bailey   | XOM: confuse monster(s)
  7331 | Bailey   | Noticed a vault guard
  7375 | Bailey   | XOM: enchant monster (bad)
  7377 | Bailey   | Killed a vault guard
  7378 | Bailey   | Reached skill level 15 in Axes
  7378 | Bailey   | Reached XP level 11. HP: 57/92 MP: 11/11
  7528 | D:8      | Noticed a deep elf pyromancer
  7534 | D:8      | Killed a deep elf pyromancer
  8029 | D:6      | Bought a scroll of brand weapon for 104 gold pieces
  8155 | D:4      | Killed pbupsy's ghost
  8284 | D:9      | Noticed a sixfirhy
  8290 | D:9      | Reached skill level 16 in Axes
  8447 | D:9      | Found a sacrificial altar of Ru.
  8452 | D:9      | XOM: destruction
  8453 | D:9      | XOM: polymorph yak -> steam dragon
  8458 | D:9      | XOM: cleaving
  8465 | D:9      | XOM: cleaving
  8552 | D:9      | XOM: summons 2 friendly demons
  8596 | D:9      | XOM: cast spell 'Iskenderun's Battlesphere'
  8599 | D:9      | XOM: summons friendly ufetubus
  8613 | D:9      | Reached skill level 10 in Fighting
  8966 | D:9      | Found a staircase to the Lair.
  9082 | D:10     | Entered Level 10 of the Dungeon
  9111 | D:10     | XOM: divination: detect items
  9148 | D:10     | Reached skill level 5 in Armour
  9196 | D:10     | Found a staircase to the Orcish Mines.
  9354 | D:10     | Reached XP level 12. HP: 101/106 MP: 12/12
  9422 | D:10     | XOM: give mutations
  9422 | D:10     | Gained mutation: You have a pair of small horns on your
                  | head. [Xom's grace]
  9422 | D:10     | Gained mutation: Your spells are a little harder to cast,
                  | but a little more powerful. [Xom's grace]
  9422 | D:10     | Gained mutation: You passively dampen the noise of your
                  | surroundings. [Xom's grace]
  9422 | D:10     | Gained mutation: You are partially covered in iridescent
                  | scales. (AC +2) [Xom's grace]
  9476 | D:10     | Found an iron altar of Okawaru.
  9592 | D:10     | Found a hide-covered altar of Uskayaw.
  9592 | D:10     | Found a bloodstained altar of Trog.
  9704 | D:10     | Fell from the grace of Xom
  9704 | D:10     | Became a worshipper of Warmaster Okawaru
  9970 | D:11     | Reached * piety under Okawaru
  9977 | D:11     | Noticed a two-headed ogre
  9989 | D:11     | Killed a two-headed ogre
 10138 | D:11     | Noticed Psyche
 10143 | D:11     | Killed Psyche
 10166 | D:11     | Reached skill level 1 in Invocations
 10413 | Lair:1   | Entered Level 1 of the Lair of Beasts
 10509 | Lair:1   | XOM: torment (52/106 hp)
 10601 | Lair:1   | Reached ** piety under Okawaru
 10602 | Lair:1   | Reached skill level 5 in Invocations
 10662 | Lair:1   | XOM: confusion (+ monsters)
 10807 | Lair:1   | Reached *** piety under Okawaru
 10949 | Lair:1   | Reached skill level 10 in Invocations
 11545 | Lair:2   | Found an ancient bone altar of Kikubaaqudgha.
 11592 | Lair:2   | Reached XP level 13. HP: 106/113 MP: 17/20
 11593 | Lair:2   | Reached **** piety under Okawaru
 11597 | Lair:2   | Reached skill level 5 in Throwing
 11744 | Lair:2   | Found a staircase to the Shoals.
 11939 | Lair:2   | Reached ***** piety under Okawaru
 12092 | Lair:2   | Found a staircase to the Snake Pit.
 12122 | Lair:2   | XOM: give mutations
 12122 | Lair:2   | Gained mutation: You have very sharp teeth. [Xom's
                  | mischief]
 12122 | Lair:2   | Gained mutation: Your body sometimes deteriorates upon
                  | taking damage. [Xom's mischief]
 12237 | Lair:2   | XOM: noise
 12376 | Lair:2   | XOM: give mutation
 12376 | Lair:2   | Gained mutation: You expend magic power (3 MP) to
                  | strengthen your wands. [Xom's mischief]
 12641 | Lair:3   | XOM: 1-stop teleportation journey
 12864 | Lair:3   | Received a gift from Okawaru
 12897 | Lair:3   | XOM: give mutations
 12897 | Lair:3   | Lost mutation: You expend magic power (3 MP) to strengthen
                  | your wands. [Xom's mischief]
 12897 | Lair:3   | Lost mutation: Your spells are a little harder to cast, but
                  | a little more powerful. [Xom's mischief]
 12897 | Lair:3   | Lost mutation: Your body sometimes deteriorates upon taking
                  | damage. [Xom's mischief]
 12897 | Lair:3   | Lost mutation: You have very sharp teeth. [Xom's mischief]
 12932 | Lair:3   | XOM: summons 1 hostile demon
 13316 | Lair:3   | XOM: scenery: create altars
 13375 | Lair:3   | Reached skill level 17 in Axes
 13738 | Lair:4   | XOM: give mutation
 13738 | Lair:4   | Lost mutation: You are partially covered in iridescent
                  | scales. (AC +2) [Xom's mischief]
 13932 | Lair:4   | XOM: noise
 14184 | Lair:4   | Reached skill level 18 in Axes
 14219 | Lair:4   | Found a runed translucent door.
 14219 | Lair:4   | Found a viscous altar of Jiyva.
 14220 | Lair:4   | Found a staircase to the Slime Pits.
 14220 | Lair:4   | Noticed an acid blob
 14220 | Lair:4   | Noticed an acid blob
 14435 | Lair:4   | XOM: noise
 14483 | Lair:4   | XOM: summons 1 hostile shadow creature
 14518 | Lair:5   | Entered Level 5 of the Lair of Beasts
 14544 | Lair:5   | Received a gift from Okawaru
 14659 | Lair:5   | Reached XP level 14. HP: 103/124 MP: 21/21
 14926 | Lair:5   | Reached skill level 10 in Armour
 14980 | Lair:5   | Noticed Sonja
 14991 | Lair:5   | Sonja changed into Sonja the basilisk
 14991 | Lair:5   | Noticed Sonja
 14995 | Lair:5   | Killed Sonja the basilisk
 15018 | Lair:5   | XOM: give mutations
 15018 | Lair:5   | Lost mutation: You have a pair of small horns on your head.
                  | [Xom's mischief]
 15018 | Lair:5   | Gained mutation: Potions are less effective at restoring
                  | your health. [Xom's mischief]
 15018 | Lair:5   | Gained mutation: You expend magic power (3 MP) to
                  | strengthen your wands. [Xom's mischief]
 15147 | Lair:5   | Noticed Rupert
 15441 | Lair:5   | Received a gift from Okawaru
 15768 | Lair:5   | XOM: give mutations
 15768 | Lair:5   | Lost mutation: Potions are less effective at restoring your
                  | health. [Xom's mischief]
 15768 | Lair:5   | Gained mutation: Your movements are slightly less
                  | encumbered by armour. (ER -2) [Xom's mischief]
 15785 | Lair:5   | XOM: give mutations
 15785 | Lair:5   | Lost mutation: You passively dampen the noise of your
                  | surroundings. [Xom's mischief]
 15785 | Lair:5   | Gained mutation: You are partially covered in iridescent
                  | scales. (AC +2) [Xom's mischief]
 15785 | Lair:5   | Gained mutation: You are strong-willed. (Will+) [Xom's
                  | mischief]
 15785 | Lair:5   | Gained mutation: You are agile. (Dex +4, Str/Int -1) [Xom's
                  | mischief]
 15860 | Lair:5   | Killed Rupert
 15860 | Lair:5   | Received a gift from Okawaru
 15943 | Lair:5   | Reached XP level 15. HP: 106/132 MP: 24/24
 16479 | D:12     | Found a portal to a secret trove of treasure.
 16643 | D:12     | Found Imoblyofese's Armour Shoppe.
 16715 | D:12     | Identified the +0 scale mail of the Villain {-Cast Str+4
                  | Stlth-}
 17120 | D:12     | Identified the +0 scale mail of the Nightingale {rF+ Int-5
                  | Dex+2}
 17529 | D:13     | XOM: god gift: 63 gold pieces
 17600 | D:13     | XOM: cloud trail
 17660 | D:13     | XOM: noise
 17961 | D:13     | XOM: scenery: 1 doors open
 18063 | D:13     | Was forgiven by Xom
 18287 | D:14     | Found a gate to the Vaults.
 18306 | D:14     | Reached skill level 1 in Shields
 18342 | D:14     | Reached ****** piety under Okawaru
 18352 | D:14     | Received a gift from Okawaru
 18379 | D:14     | Acquired the +9 broad axe "Makkos" {protect, rF+ rC+ Int+2}
 18379 | D:14     | Received a gift from Okawaru
 18384 | D:14     | Acquired the +3 crystal plate armour of Vophosk {^Drain
                  | +Blink rN+ Regen+}
 18384 | D:14     | Received a gift from Okawaru
 18434 | D:14     | Found a blossoming altar of Fedhas.
 18564 | D:14     | Reached skill level 5 in Shields
 18631 | D:14     | Found Gulloter's Assorted Antiques.
 18641 | D:14     | Bought a brightly glowing lapis lazuli ring for 145 gold
                  | pieces
 18641 | D:14     | Identified the ring "Vimol" {Dex+6 SInv} (You bought it in
                  | a shop on level 14 of the Dungeon)
 18641 | D:14     | Bought a ruby potion for 26 gold pieces
 18725 | D:14     | Identified the ring of Ownopn {rN++ rCorr AC+4 Int-2 SInv}
 19159 | D:15     | Entered Level 15 of the Dungeon
 19179 | D:15     | Identified the +0 pair of gloves of the Blushing Gods
                  | {Harm}
 19215 | D:15     | Received a gift from Okawaru
 19239 | D:15     | Noticed Kirke
 19251 | D:15     | Slain by an eight-headed hydra

Illustrated notes

Levels and vault maps discovered:
D:1:      minmay_arrival_glassed_features, layout_basic
D:2:      layout_loops_corners, dreamdust_ecumenical_altar_drowned_temple
D:3:      layout_rooms, mainiacjoe_overflow_brackets, uniq_crazy_yiuf_cottage
D:4:      layout_gridville, regret_index_temple_of_mockery,
          nicolae_overflow_crystal_walls, serial_shops, nicolae_stop_n_shop_2,
          ebering_ghost_sewer_d, minmay_small_thing
D:5:      layout_cave_pools, grunt_temple_overflow_magic_moments,
          zin_scriptorium, minmay_temple_entry_tees, serial_column_ruins,
          column_ruins_square_small, column_ruins_courtyard_long,
          column_ruins_columns_straight, column_ruins_columns_corner,
          column_ruins_corridor_corner, column_ruins_grid_4,
          column_ruins_columns_plus, grunt_decor_cap
D:6:      layout_loops_ring, nicolae_overflow_hidden_temple, serial_shops, shop
D:7:      minmay_s_stair_smasher, layout_basic, lemuel_doored_altar,
          gammafunk_ghost_abyssal_escape, chequers_serial_rivers_micro_c,
          nicolae_shop_self_help, uniq_jeremiah, uniq_joseph
D:8:      layout_gridville, cheibriados_altar_1, enter_bailey_6,
          kennysheep_decorative_pillar, fungi_pond_lemuel
D:9:      layout_small_grid, mainiacjoe_overflow_24_doors,
          grunt_lair_entry_orc_guard_hut
D:10:     layout_rooms, okawaru_trees_2, amethyst_overflow_temple_binary,
          erik_orc_4, minmay_misc_feat_room
D:11:     layout_long_grid, uniq_psyche
D:12:     layout_basic, serial_shops, nicolae_shop_tiny_statue_garden,
          nicolae_trove_entry_isolated, minmay_door_square
D:13:     layout_basic
D:14:     layout_small_grid, grunt_vaults_entry_fortified, fedhas_altar_1,
          serial_shops, nicolae_shop_temple_entry_statues_fountains
D:15:     gammafunk_enter_depths_forms, layout_long_grid,
          nicolae_qazlal_eye_of_the_storm, nicolae_danse_macabre, uniq_kirke
Temple:   hellmonk_temple_divided_pantheon
Lair:1:   layout_chaotic_city, minmay_lair_oklob_bushes,
          chequers_serial_rivers_room_b, grunt_megastairs_4
Lair:2:   layout_big_grid, minmay_shoals_entry_beasts,
          nicolae_snake_entry_squirm, basic_altar, st_stairs_10,
          minmay_lair_oklob_items, hangedman_lair_unloving_vines
Lair:3:   layout_concentric_octagons, minivault_23
Lair:4:   layout_regular_city, slime_entry_2, chequers_serial_rivers_micro_c,
          nicolae_quartered_pool_impasse
Lair:5:   evilmike_catoblepas_cave, layout_long_grid, special_room
          [special_room_mythical_zoo], st_stairs_4,
          grunt_forest_large_clearings, serial_bayou_shore_b,
          grunt_megastairs_2, uniq_rupert, uniq_sonja

Skill      XL: |  1  2  3  4  5  6  7  8  9 10 11 12 13 14 15 |
---------------+----------------------------------------------+-----
Unarmed Combat | 4 5 6 7 |  7.0
Fighting       | 4 7 10 11 12 13 | 13.2
Stealth        | 4 |  4.0
Evocations     | 4 7 |  7.0
Throwing       | 3 4 8 |  8.0
Axes           | 4 11 15 16 18 | 18.0
Armour         | 6 9 13 14 | 14.0
Invocations    | 10 12 | 12.0
Shields        | 7 |  7.2
Dodging        | |  0.7

Action                     |  1- 3 |  4- 6 |  7- 9 | 10-12 | 13-15 || total
---------------------------+-------+-------+-------+-------+-------++-------
  Melee: Unarmed           |   104 |   174 |   369 |    39 |     1 ||   687
         Punch             |     1 |     4 |    13 |    20 |    72 ||   110
         War axe           |       |       |       |    58 |       ||    58
         Hand axe          |       |       |       |    34 |       ||    34
         Broad axe         |       |       |       |   489 |   946 ||  1435
         Headbutt          |       |       |       |    46 |   129 ||   175
         Bite              |       |       |       |       |    18 ||    18
         Flail             |       |       |       |       |    36 ||    36
  Throw: Dart              |       |     6 |    19 |     7 |     1 ||    33
         Boomerang         |       |       |    23 |     6 |     1 ||    30
         Javelin           |       |       |       |     2 |       ||     2
 Invoke: Heroism           |       |       |       |     3 |    11 ||    14
         Receive Weapon    |       |       |       |       |     1 ||     1
         Receive Armour    |       |       |       |       |     1 ||     1
  Evoke: Wand              |       |       |    11 |    18 |     2 ||    31
    Use: Scroll            |       |     4 |     2 |    16 |     7 ||    29
         Potion            |       |     1 |       |       |     7 ||     8
   Stab: Invisible         |       |       |     1 |       |       ||     1
         Paralysed         |       |       |     5 |     4 |       ||     9
         Confused          |       |       |       |     2 |       ||     2
         Sleeping          |       |       |       |       |     1 ||     1
 Armour: Leather armour    |     6 |       |       |       |       ||     6
         Plate armour      |    76 |   166 |   420 |   786 |   173 ||  1621
         Skin              |       |     1 |       |       |    16 ||    17
         Scale mail        |       |       |       |       |   479 ||   479
         Chain mail        |       |       |       |       |   279 ||   279
         Crystal plate arm |       |       |       |       |    71 ||    71
  Dodge: Dodged            |    27 |    42 |    93 |   217 |   411 ||   790
  Block: Kite shield       |       |       |       |       |    58 ||    58

Table legend: (Time is in decaauts)
 A = Elapsed time spent in this place.
 B = Non-inter-level travel time spent in this place.
 C = Inter-level travel time spent in this place.
 D = Time resting spent in this place.
 E = Time spent auto-exploring this place.
 F = Levels seen in this place.
 G = Mean time per level.
                   A        B        C        D        E       F      G
               +--------+--------+--------+--------+--------+-----+--------+
         Total |  18911 |  17722 |   1189 |    552 |  11310 |  22 |  859.6 |
       Dungeon |  12845 |  11965 |    880 |    380 |   7995 |  15 |  856.3 |
        Temple |     31 |     31 |      0 |      0 |      0 |   1 |   31.0 |
          Lair |   5573 |   5264 |    309 |    153 |   3252 |   5 | 1114.6 |
        Bailey |    461 |    461 |      0 |     19 |     63 |   1 |  461.0 |
               +--------+--------+--------+--------+--------+-----+--------+

Top non-repeatable levels by time:
  Lair:5: 1456 daAuts
  Lair:1: 1229 daAuts
     D:7: 1226 daAuts
     D:4: 1158 daAuts
     D:2: 1149 daAuts
    D:12: 1086 daAuts
     D:6: 1055 daAuts
  Lair:4: 1008 daAuts
  Lair:3: 992 daAuts
    D:14: 948 daAuts
  Lair:2: 886 daAuts
     D:9: 838 daAuts
     D:8: 835 daAuts
    D:13: 835 daAuts
     D:3: 812 daAuts
